 Dungeon Crawl Stone Soup version 0.27.1-33-g824d729ab1 (webtiles) character file.

Game seed: 7637355452946421298

44 lobsquizzle the Conjurer (level 3, -2/19 HPs)
             Began as a Deep Elf Conjurer on Dec 24, 2021.
             Killed from afar by a dart slug (4 damage)
             ... with a slug dart
             ... on level 2 of the Dungeon.
             The game lasted 00:18:16 (623 turns).

lobsquizzle the Conjurer (Deep Elf Conjurer)         Turns: 623, Time: 00:18:16

Health: -2/19      AC:  2    Str:  4    XL:     3   Next: 39%
Magic:  0/9        EV: 12    Int: 23    God:
Gold:   46         SH:  5    Dex: 13    Spells: 5/8 levels left

rFire    . . .     SeeInvis .   (no weapon)
rCold    . . .     Faith    .   (no shield)
rNeg     . . .     Spirit   .   a - +0 robe
rPois    .         Reflect  +   (no helmet)
rElec    .         Harm     .   (no cloak)
rCorr    .         Rampage  .   (no gloves)
Will     .....                  (no boots)
Stlth    ++........             j - amulet of reflection
HPRegen  0.06/turn              (no ring)
MPRegen  0.11/turn              (no ring)

@: lethally poisoned (-2 -> -6)
A: no striking features
a: no special abilities


You were on level 2 of the Dungeon.
You visited 1 branch of the dungeon, and saw 2 of its levels.

You collected 46 gold pieces.

Inventory:

Hand Weapons
 d - a +0 club
 g - a +0 spear
Missiles
 e - 41 poisoned darts
 k - 2 javelins
 m - 13 arrows
Armour
 a - a +0 robe (worn)
 i - a +0 leather armour
Jewellery
 j - an amulet of reflection (around neck)
Scrolls
 c - a scroll of amnesia
 l - a scroll of enchant armour {unknown}
Potions
 f - a potion of attraction {unknown}
 h - a potion of curing {unknown}


   Skills:
 + Level 2.5 Dodging
 + Level 2.6 Stealth
 + Level 3.3 Spellcasting
 + Level 5.4 Conjurations


You had 5 spell levels left.
You knew the following spells:

 Your Spells              Type           Power      Damage    Failure   Level
a - Magic Dart            Conj           100%       1d8       1%          1
b - Searing Ray           Conj           58%        3d5       1%          2

Your spell library contained the following spells:

 Spells                   Type           Power      Damage    Failure   Level
 Beastly Appendage        Tmut           6%         N/A       11%         1
 Dazzling Flash           Conj/Hex       32%        N/A       11%         3
 Wereblood                Tmut           3%         N/A       17%         2
 Spider Form              Tmut/Pois      1%         N/A       32%         3
 Fulminant Prism          Conj/Hex       8%         3d7       34%         4
 Iskenderun's Mystic Bla  Conj/Tloc      16%        2d5       34%         4


Dungeon Overview and Level Annotations

Branches:
Dungeon (2/15)

Altars:


Message History

Press: ? - help, Q - select action, (/) - cycle Shift-Dir - straight line, f/p - adder
Aim: an adder (heavily wounded, 66% to hit)
The searing ray misses the adder.
The searing ray hits the endoplasm!
You kill the endoplasm!
The searing ray hits the adder!
The adder is severely wounded. (Press . to maintain the ray.)
The adder closely misses you.
A dart slug comes into view.
You don't have enough magic to cast this spell.
Aiming: Magic Dart (safe; 1% risk of failure)
Press: ? - help, Q - select action, (/) - cycle Shift-Dir - straight line, f/p - adder
Aim: an adder (heavily wounded, 100% to hit)
The magic dart hits the adder.
The adder is almost dead.
The adder barely misses you. The adder bites you.
You block the adder's attack. x2
Aiming: Magic Dart (safe; 1% risk of failure)
Press: ? - help, Q - select action, (/) - cycle Shift-Dir - straight line, f/p - adder
Aim: an adder (almost dead, 100% to hit)
The magic dart hits the adder.
You kill the adder!
The adder bites you.
You are poisoned.
The adder poisons you!
You feel sick.
You feel sick. The adder bites you.
You are lethally poisoned!
The adder poisons you! The adder bites you.
You feel very sick.
* * * LOW HITPOINT WARNING * * *
You feel sick.
* * * LOW HITPOINT WARNING * * *
You feel sick. The adder misses you.
* * * LOW HITPOINT WARNING * * *
You feel sick. The dart slug launches a dart at you. The slug dart hits you.
You die...

.). #####........###
..##..............#
#..............#.#
#####.........w#####.#
...............†.....#
†.....................
.............#...#####
.............#.S.#
.............##.@####
.......###......>...#
.......# #..........#
##########..........#
#..............#
#..............#
#..............#
#..............#
#........#######


You could see an adder and a dart slug.

Vanquished Creatures
  2 adders (D:2)
  A worm (D:2)
  2 ball pythons (D:1)
  2 bats (D:1)
  4 endoplasms
  2 giant cockroaches
  3 hobgoblins (D:1)
  2 quokkas
  A frilled lizard (D:1)
  A rat (D:1)
20 creatures vanquished.

Vanquished Creatures (others)
  2 fungi (D:1)
2 creatures vanquished.

Grand Total: 22 creatures vanquished

Notes
Turn   | Place    | Note
-------+----------+-------------------------------------------
     0 | D:1      | lobsquizzle the Deep Elf Conjurer began the quest for the
                  | Orb.
     0 | D:1      | Reached XP level 1. HP: 10/10 MP: 6/6
   380 | D:1      | Reached XP level 2. HP: 15/15 MP: 6/8
   383 | D:1      | Learned a level 2 spell: Searing Ray
   439 | D:1      | Reached skill level 5 in Conjurations
   567 | D:2      | Reached XP level 3. HP: 19/19 MP: 3/9
   623 | D:2      | Killed from afar by a dart slug

Illustrated notes

Levels and vault maps discovered:
D:1:      minmay_arrival_nine_rooms, layout_basic,
          shapermc_ecumenical_altar_acropolis, minmay_tromino_v4_b
D:2:      layout_basic

Skill      XL: |  1  2 |
---------------+-------+-----
Conjurations   | 5 |  5.4
Dodging        | |  2.5
Stealth        | |  2.6
Spellcasting   | |  3.3

Action                   || total
-------------------------++-------
 Cast: Magic Dart        ||    24
       Searing Ray       ||     7
  Use: Scroll            ||     1
Armor: Robe              ||     3
Dodge: Dodged            ||     9
Block: Other             ||     3
